 Dungeon Crawl Stone Soup version 0.22-a0-558-gc224181 (webtiles) character file.

54 pk666 the Magician (level 3, -2/19 HPs)
             Began as a Deep Elf Wizard on June 26, 2018.
             Slain by a leopard gecko (5 damage)
             ... on level 2 of the Dungeon.
             The game lasted 00:02:29 (1566 turns).

pk666 the Magician (Deep Elf Wizard)                Turns: 1566, Time: 00:02:30

Health: -2/19      AC:  2    Str:  4    XL:     3   Next: 66%
Magic:  2/12       EV: 12    Int: 23    God:
Gold:   4          SH:  0    Dex: 13    Spells: 12/13 levels left

rFire    . . .     SeeInvis .   g - +0 dagger
rCold    . . .     Gourm    .   (no shield)
rNeg     . . .     Faith    .   a - +0 robe
rPois    .         Spirit   .   b - +0 hat
rElec    .         Reflect  .   (no cloak)
rCorr    .         Harm     .   (no gloves)
MR       .....                  (no boots)
Stlth    ++........             (no amulet)
HPRegen  0.06/turn              (no ring)
MPRegen  0.13/turn              (no ring)

@: very slightly contaminated, drained
A: no striking features
a: no special abilities


You were on level 2 of the Dungeon.
You were not hungry.

You visited 1 branch of the dungeon, and saw 2 of its levels.

You collected 4 gold pieces.

Inventory:

Hand Weapons
 g - a +0 dagger (weapon)
Armour
 a - a +0 robe (worn)
 b - a +0 hat (worn)
 c - a +0 pair of boots
Potions
 e - a potion of heal wounds {unknown}
 f - a potion of curing {unknown}
 h - a potion of brilliance {unknown}
Comestibles
 d - a ration
 i - a chunk of flesh


   Skills:
 - Level 2.4(1.4) Dodging
 - Level 2.4(1.4) Stealth
 + Level 5.5(4.5) Spellcasting
 + Level 2.8(1.8) Conjurations
   Level 1.1(0.1) Summonings
   Level 1.1(0.1) Translocations


You had 12 spell levels left.
You knew the following spells:

 Your Spells              Type           Power        Failure   Level  Hunger
a - Magic Dart            Conj           ##..         4%          1    None

Your spell library contained the following spells:

 Spells                   Type           Power        Failure   Level  Hunger
 Conjure Flame            Conj/Fire      #.......     21%         3    ##.....
 Slow                     Hex            #.......     16%         2    None
 Mephitic Cloud           Conj/Pois/Air  #.......     22%         3    ##.....
 Blink                    Tloc           N/A          14%         2    None
 Call Imp                 Summ           #.......     14%         2    None


Dungeon Overview and Level Annotations

Branches:
Dungeon (2/15)

Altars:


Message History

Confirm with . or Enter, or press ? or * to list all spells.
Aiming: Magic Dart (safe; 4% risk of failure)
Press: ? - help, Shift-Dir - straight line, f/p - leopard gecko
Aim: a leopard gecko (moderately wounded)
The magic dart hits the leopard gecko.
The leopard gecko is severely wounded.
The bat hits you.
* * * LOW HITPOINT WARNING * * *
The leopard gecko barely misses you. The bat hits you but does no damage.
Casting: Magic Dart (safe; 4% risk of failure)
Confirm with . or Enter, or press ? or * to list all spells.
Aiming: Magic Dart (safe; 4% risk of failure)
Press: ? - help, Shift-Dir - straight line, f/p - leopard gecko
Aim: a leopard gecko (severely wounded)
The magic dart hits the leopard gecko.
The leopard gecko is severely wounded.
The bat hits you.
* * * LOW HITPOINT WARNING * * *
The leopard gecko bites you.
You die...

###....#.. ......
####.... ...#.
#...†< .....[#.##
#..### ....
....#### ..).# ....
......#####...#
##..##.............
.......l†.........
#..#@## .. #....#
##.#.b.....
#.#####... #.# . .
#.## .. #..# ...
##.## ... #..## ..


You could see a leopard gecko and a bat.

Vanquished Creatures
  An adder (D:2)
  A dart slug (D:1)
  3 leopard geckos (D:1)
  3 bats (D:1)
  4 giant cockroaches
  6 goblins
  6 hobgoblins
  2 jackals (D:1)
  4 kobolds (D:1)
  2 frilled lizards (D:1)
  3 rats (D:1)
35 creatures vanquished.

Notes
Turn   | Place    | Note
-------+----------+-------------------------------------------
     0 | D:1      | pk666 the Deep Elf Wizard began the quest for the Orb.
     0 | D:1      | Reached XP level 1. HP: 10/10 MP: 7/7
   211 | D:1      | Reached XP level 2. HP: 4/15 MP: 1/9
   547 | D:1      | Reached skill level 5 in Spellcasting
   846 | D:1      | Reached XP level 3. HP: 18/19 MP: 8/11
  1566 | D:2      | Slain by a leopard gecko

Vault maps used:
D:1:      moated_graveyard_arrival
D:2:      nicolae_ru_great_annihilating_truth

Skill      XL: |  1  2 |
---------------+-------+-----
Conjurations   | 2 |  2.8
Spellcasting   | 5 |  5.5
Dodging        | |  2.4
Stealth        | |  2.4
Summonings     | |  1.1
Translocations | |  1.1

Action                   || total
-------------------------++-------
Melee: Dagger            ||     3
 Cast: Magic Dart        ||    99
  Eat: Chunk             ||     2
Armor: Robe              ||    18
Dodge: Dodged            ||    43

Table legend:
 A = Spawn XP
 B = Non-spawn XP
 C = Spawn XP percentage of total XP
 D = Spawn monster count
 E = Non-spawn monster count
 F = Spawn count percentage of total count
 G = Total turns spent on level
                    A         B        C        D         E        F      G
               +---------+---------+-------+---------+---------+-------+---------
         Total |       0 |      78 |   0.0 |       0 |      35 |   0.0 |  1566
               +---------+---------+-------+---------+---------+-------+---------
           D:1 |       0 |      58 |   0.0 |       0 |      31 |   0.0 |  1519
           D:2 |       0 |      20 |   0.0 |       0 |       4 |   0.0 |    47
               +---------+---------+-------+---------+---------+-------+---------
